Map: Odyssey LE

Players

Thalandros - Winner!

  • Race: Zerg Zerg
  • Spawn Location: 5:00

Sitaska

  • Race: Zerg Zerg
  • Spawn Location: 11:00

Event: WCS Valencia 2017

VOD

Have the link to the VOD?

Description

Time

  • Played on: July 13, 2017, 7:16 a.m.
  • Length: 9:26

All games in this series

Show
View Real Time Build Order
Export as new Build Order

Thalandros Zerg - Winner!

Build Orders: Pool First, Zergling Baneling 

Get SALT Encoding   

  12  0:00  Drone  
  13  0:13  Extractor  
  12  0:25  Spawning Pool  
  12  0:28  Drone  
  12  0:34  Drone  
  13  0:38  Drone  
  14  0:51  Overlord  
  14  1:12  Queen  
  14  1:13  Zergling x2  
  14  1:18  Metabolic Boost  
  17  1:23  Zergling x2  
  18  1:28  Zergling x2  
  19  1:37  Baneling Nest  
  18  1:46  Zergling x4  
  20  1:56  Zergling x2  
  20  1:59  Zergling x2  
  22  2:08  Overlord  
  22  2:21  Baneling x2  
  22  2:25  Baneling x2  
  22  2:34  Zergling x8  
  22  2:36  Baneling  
  25  2:45  Zergling x2  
  26  2:56  Zergling x2  
  27  3:00  Baneling  
  25  3:26  Hatchery  
  23  3:27  Drone x2  
  23  3:31  Drone  
  26  3:44  Drone x2  
  26  3:45  Drone  
  28  3:54  Overlord  
  24  4:03  Zergling x4  
  24  4:09  Overlord  
  26  4:18  Drone x2  
  26  4:22  Baneling x2  
  28  4:26  Drone  
  29  4:36  Queen  
  28  4:39  Zergling x4  
  29  4:47  Drone x2  
  31  4:56  Drone x2  
  33  5:04  Drone x2  
  35  5:16  Drone x5  
  35  5:19  Baneling x2  
  40  5:26  Queen, Drone x2  
  44  5:32  Drone x2  
  44  5:33  Drone  
  47  5:42  Drone x2  
  48  5:50  Evolution Chamber, Spine Crawler  
  48  5:51  Roach Warren  
  48  5:53  Zergling x6  
  48  6:01  Lair  
  48  6:02  Overlord  
  48  6:05  Extractor  
  48  6:07  Baneling  
  45  6:14  Zergling x6  
  45  6:15  Zergling x2  
  45  6:17  Zerg Missile Weapons Level 1  
  49  6:24  Baneling x2  
  49  6:36  Drone x6  
  55  6:42  Extractor, Drone x3  
  55  6:45  Hatchery  
  56  6:50  Overlord  
  56  6:58  Overlord  
  56  6:59  Glial Reconstitution  
  56  7:01  Roach x2  
  60  7:09  Spore Crawler, Roach x2  
  60  7:10  Spore Crawler, Roach  
  60  7:12  Roach  
  60  7:15  Roach  
  68  7:19  Roach x3  
  76  7:30  Overlord  
  76  7:32  Overlord  
  76  7:43  Overlord  
  76  7:50  Roach x5  
  76  7:51  Roach  
  83  7:57  Roach  
  84  8:01  Queen  
  84  8:02  Roach  
  84  8:03  Roach x4  
  96  8:16  Roach x2  
  98  8:24  Overlord x2  
  98  8:29  Overlord  
  98  8:34  Roach  
  98  8:39  Extractor  
  97  8:43  Drone x6  
  97  8:44  Drone  
  104  8:49  Roach  
  104  8:55  Drone  
  107  9:01  Roach  
  109  9:06  Drone x2  
  109  9:07  Drone x7  
  118  9:10  Ravager  
  118  9:11  Ravager x3  
Show
View Real Time Build Order
Export as new Build Order

Sitaska Zerg 

Build Orders: Hatch First, Zergling Baneling 

Get SALT Encoding   

  12  0:00  Drone  
  13  0:12  Overlord  
  13  0:18  Drone  
  14  0:31  Drone x2  
  14  0:35  Drone  
  17  0:55  Hatchery  
  17  0:56  Drone  
  17  0:59  Extractor  
  17  1:01  Drone  
  17  1:15  Spawning Pool  
  16  1:18  Drone  
  16  1:22  Drone  
  18  1:30  Drone  
  19  1:39  Overlord  
  19  2:03  Spine Crawler  
  19  2:04  Zergling x4  
  19  2:05  Queen  
  22  2:10  Spine Crawler  
  22  2:14  Baneling Nest  
  20  2:20  Zergling x2  
  20  2:21  Zergling x2  
  22  2:27  Drone  
  22  2:29  Drone  
  24  2:40  Zergling x2  
  23  2:46  Zergling x6  
  26  2:53  Zergling x2  
  26  2:54  Zergling x2  
  25  3:01  Zergling x2  
  22  3:15  Baneling x3  
  22  3:21  Drone x2  
  22  3:26  Baneling x2  
  23  3:46  Hatchery  
  20  3:57  Zergling x6  
  20  3:58  Zergling x4  
  20  4:01  Zergling x2  
  27  4:21  Baneling x3  
  27  4:23  Metabolic Boost  
  27  4:25  Drone x2  
  26  4:39  Hatchery  
  26  4:41  Zergling x4  
  26  4:42  Zergling x4  
  29  5:03  Baneling x2  
  29  5:13  Overlord  
  29  5:18  Overlord  
  29  5:32  Queen  
  29  5:33  Roach Warren  
  28  5:47  Baneling x2  
  22  6:24  Roach x6  
  34  6:26  Queen  
  36  6:33  Drone  
  36  6:38  Roach  
  39  6:46  Roach  
  39  6:47  Roach  
  43  6:57  Overlord x2  
  43  7:10  Overlord x2  
  43  7:22  Roach x4  
  51  7:30  Ravager x2  
  51  7:32  Queen  
  51  7:35  Drone  
  55  7:57  Roach  
  55  7:58  Roach x3  
  60  8:01  Drone  
  55  8:23  Drone  
  55  8:24  Drone x6  
  49  8:42  Evolution Chamber  
  49  8:45  Evolution Chamber  
  41  8:55  Drone x3  
  44  9:00  Drone x3  
  44  9:01  Drone  
Tags
 
Add a new tag
Caveats
  • Supply blocks, unpowered buildings, or Contaminate may cause inaccurate times.
  • Supply counts are checked every 10 seconds.